 Dungeon Sprint DCSS version 0.18-a0-993-g4a3b7c7 (webtiles) character file.

27528 M4edhros the Spry (level 13, -18/94 HPs)
             Began as an Octopode Artificer on Jan 4, 2016.
             Was a High Priest of Fedhas.
             Killed from afar by Nikola (27 damage)
             ... with a chain lightning
             ... in the Dungeon (Sprint VII: "The Pits").
             The game lasted 00:23:12 (4187 turns).

M4edhros the Spry (Octopode Artificer)              Turns: 4187, Time: 00:23:14

Health: -18/94     AC:  4    Str:  9    XL:     13   Next: 33%
Magic:  26/26      EV: 22    Int: 27    God:    Fedhas [*****.]
Gold:   61         SH: 12    Dex: 14    Spells: 1 memorised, 27 levels left

rFire  + + .     SeeInvis .     U - +1 demon whip (venom)
rCold  + . .     Gourm    .     A - +0 shield
rNeg   + . .     Faith    .     (helmet restricted)
rPois  +         Spirit   .     (no amulet)
rElec  .         Dismiss  .     r - +3 ring of protection
rCorr  .         Reflect  .     x - +3 ring of dexterity
SustAt .         Harm     .     B - ring of protection from fire
MR     +++..     NoTele   +     F - ring of protection from fire
Stlth  +++++++++.               (no ring)
                                T - ring of Vetz {*Contam *Drain rC+ MR+++ Dex+4}
                                P - ring "Waehuke" {rPois rN+ Str-2 Int+8 Dex-5} (curse)
                                (no ring)

@: extremely resistant to hostile enchantments, incredibly stealthy
A: almost no armour, amphibious, 8 rings, constrict 8, camouflage 1, gelatinous
body 1
a: Evolution, Sunlight, Growth, Reproduction, Rain, Renounce Religion


You were in the Dungeon.
You worshipped Fedhas.
Fedhas was extremely pleased with you.
You were not hungry.

You visited 1 branch You collected 61 gold pieces.

Inventory:

Hand Weapons
 a - a +0 short sword
 s - a +2 trident of piercing
 y - a +2 halberd of protection
 z - a +2 spear of venom
 E - a +0 scimitar of electrocution
 U - a +1 demon whip of venom (weapon)
Missiles
 H - 10 steel sling bullets
 I - 55 stones (quivered)
Armour
 A - a +0 shield (worn)
Jewellery
 r - a +3 ring of protection (left tentacle)
 x - a +3 ring of dexterity (right tentacle)
 B - a ring of protection from fire (on tentacle)
 F - a ring of protection from fire (on tentacle)
 P - the cursed ring "Waehuke" (on tentacle) {rPois rN+ Str-2 Int+8 Dex-5}
   (You took it off a necromancer in the Dungeon)

   [ring of positive energy]

   It affects your strength (-2).
   It affects your intelligence (+8).
   It affects your dexterity (-5).
   It protects you from poison.
   It protects you from negative energy.
   It has a curse placed upon it.
 T - the ring of Vetz (on tentacle) {*Contam *Drain rC+ MR+++ Dex+4}
   (You found it in the Dungeon)

   [ring of protection from cold]

   It affects your dexterity (+4).
   It protects you from cold.
   It affects your resistance to hostile enchantments.
   It causes magical contamination when unequipped.
   It causes draining when unequipped.
Wands
 b - a wand of flame (3/48)
 c - a wand of enslavement (12/24)
 d - a wand of random effects (13/48)
 J - a wand of magic darts (29/48)
 N - a wand of heal wounds (4/9)
Scrolls
 k - 3 scrolls of blinking
 o - 5 scrolls of remove curse
 p - 5 scrolls of amnesia
 q - a scroll of summoning
 C - a scroll of enchant armour
 K - 3 scrolls of recharging
 L - 2 scrolls of identify
Potions
 e - 5 potions of curing
 g - 11 potions of heal wounds
 h - a potion of haste
 i - 3 potions of magic
 j - 5 potions of berserk rage
 n - a potion of invisibility
 t - 4 potions of might
 u - 2 potions of agility
 v - a potion of resistance
 w - 2 potions of brilliance
 M - a potion of cure mutation
 O - a potion of mutation {unknown}
Miscellaneous
 R - a lamp of fire
Comestibles
 f - 8 bread rations
 l - 19 fruits
 m - 6 meat rations
 S - 6 royal jellies


   Skills:
 + Level 10.8 Fighting
 - Level 1.0 Short Blades
 * Level 16.3 Dodging
 - Level 14.4 Stealth
 * Level 13.0 Shields
 * Level 9.4 Spellcasting
 * Level 6.4 Charms
 + Level 16.1 Invocations
 * Level 14.9 Evocations


You had 27 spell levels left.
You knew the following spells:

 Your Spells              Type           Power        Failure   Level  Hunger
a - Regeneration          Chrm/Necr      ####......   6%          3    None


Dungeon Overview and Level Annotations

Branches:
Dungeon (1/1)

Altars:
Ashenzari
Cheibriados
Dithmenos
Elyvilon
Fedhas
Gozag
Kikubaaqudgha
Makhleb
Nemelex Xobeh
Okawaru
Pakellas
Qazlal
Ru
Sif Muna
Trog
Vehumet
Xom
Yredelemnul
Zin
The Shining One
Beogh
Jiyva
Lugonu

Annotations:
D Jory, Nikola


Innate Abilities, Weirdness & Mutations

You cannot wear most types of armour.
You are amphibious.
You can wear up to eight rings at the same time.
You can use your tentacles to constrict eight enemies at once.
Your skin changes colour to match your surroundings (Stealth).
Your rubbery body absorbs attacks (AC +1).


Message History

Ouch! That really hurt!
The Orb Guardian hits you!!
* * * LOW HITPOINT WARNING * * *
Drink which item? (? for menu, Esc to quit)
You feel much better. The Orb Guardian hits you! The Orb Guardian hits you!!
* * * LOW HITPOINT WARNING * * *
Your oklob plant spits acid at Nikola.
The splash of acid hits Nikola.
The acid corrodes Nikola!
Nikola mumbles some strange words.
You hear a mighty clap of thunder!
The lightning arc hits the ballistomycete.
The ballistomycete is destroyed!
The lightning arc hits the Orb Guardian.
The lightning arc hits you!
* * * LOW HITPOINT WARNING * * *
The lightning arc hits the active ballistomycete.
The active ballistomycete is destroyed!
The lightning arc hits you!
You die...
Fedhas appreciates your contribution to the ecosystem.

##''#########
#####'@#####
#......)...#
#.........(#
+..#.≈≈[#≈)#
+...≈≈≈(≈(*#
#..X≈≈≈)(≈.#
#..#≈≈)≈#≈P#
+P.≈@≈≈≈≈(P#
+..≈≈≈P≈≈÷P# #####
#..#[≈≈P#≈.# #.#.#
#....≈≈≈[..+ [#|#
#...((.[...+ #.#
###''####''# .#.#
###('####''##########
#[#.#
#..(...##≈≈≈≈........
#########
#.#'##.##≈≈≈≈........


You could see Nikola, an Orb Guardian, a neutral active ballistomycete
(unaware), a neutral giant spore (wandering) and 5 friendly oklob plants.

Vanquished Creatures
  A Hell Sentinel (D)
  Snorg (D)
  A vault guard (D)
  A fire dragon (D)
  An unseen horror (D)
  An orc knight (D)
  An orange demon (D)
  A wind drake (D)
  A flying skull (D)
  2 redbacks (D)
  3 yaks (D)
  A water elemental (D)
  2 wolves (D)
  Duvessa (D)
  An ice beast (D)
  A black bear (D)
  A centaur (D)
  A phantom (D)
  A giant frog (D)
  A gnoll sergeant (D)
  Dowan (D)
  2 wights (D)
  2 orc wizards (D)
  An orc priest (D)
  A hell rat (D)
  A mummy (D)
  2 gnolls (D)
  An adder zombie (D)
  A worm (D)
  2 orcs (D)
  2 bat skeletons (D)
  A bat zombie (D)
  A giant cockroach (D)
  A kobold (D)
  A quokka (D)
  A ball python (D)
  A giant gecko skeleton (D)
  A giant newt (D)
  A jackal zombie (D)
48 creatures vanquished.

Vanquished Creatures (collateral kills)
  Boris (D)
  A profane servitor (D)
  A lich (D)
  4 Orb Guardians (D)
  A deep elf master archer (D)
  A Shadow Fiend (D)
  A fire giant (D)
  A spriggan defender (D)
  Nessos (D)
  2 ophanim (D)
  A deep elf annihilator (D)
  A vampire knight (D)
  A fire dragon (D)
  Harold (D)
  A great orb of eyes (D)
  A rakshasa (D)
  A hydra (D)
  A spriggan berserker (D)
  A sun demon (D)
  A sea snake (D)
  3 flayed ghosts (D)
  A hill giant (D)
  A necromancer (D)
  A cyclops (D)
  A hornet (D)
  An elephant (D)
  A black mamba (D)
  A molten gargoyle (D)
  A smoke demon (D)
  A spiny frog (D)
  2 yaktaurs (D)
  2 efreet (D)
  A komodo dragon (D)
  A merfolk (D)
  A red devil (D)
  A polar bear (D)
  2 jumping spiders (D)
  A two-headed ogre (D)
  A redback (D)
  A spriggan (D)
  A neqoxec (D)
  A fire elemental (D)
  4 vampire mosquitoes (D)
  A warg (D)
  6 wolves (D)
  A mottled dragon (D)
  A water moccasin (D)
  An ogre (D)
  A centaur (D)
  An earth elemental (D)
  2 wights (D)
  An orc priest (D)
  An iron imp (D)
  A gnoll shaman (D)
  Terence (D)
  7 gnolls (D)
  An ooze (D)
  An adder skeleton (D)
  A bat skeleton (D)
  A ball python (D)
  A giant newt (D)
  A quokka skeleton (D)
  A giant spore (D)
87 creatures vanquished.

Vanquished Creatures (others)
  2 oklob plants (D)
  A lindwurm (D)
  A water elemental (D)
  A small abomination (D)
  An eye of draining (D)
  25 wandering mushrooms (D)
  A gnoll (D)
  An ufetubus (D)
  A quokka simulacrum (D)
  2 ballistomycetes (D)
  A fungus (D)
  2 giant spores (D)
  A plant (D)
  57 toadstools (D)
97 creatures vanquished.

Grand Total: 232 creatures vanquished

Notes
Turn   | Place    | Note
--------------------------------------------------------------
     0 | D        | M4edhros the Octopode Artificer began the quest for the Orb.
     0 | D        | Reached XP level 1. HP: 13/13 MP: 3/3
    37 | D        | Found a sacrificial altar of Ru.
    37 | D        | Found a basalt altar of Yredelemnul.
    37 | D        | Found a glowing golden altar of the Shining One.
    37 | D        | Found a deep blue altar of Sif Muna.
    37 | D        | Found a burning altar of Makhleb.
    37 | D        | Found an ancient bone altar of Kikubaaqudgha.
    37 | D        | Found a glowing silver altar of Zin.
    38 | D        | Found a shadowy altar of Dithmenos.
    38 | D        | Found a shimmering altar of Xom.
    38 | D        | Found a sparkling altar of Nemelex Xobeh.
    39 | D        | Found a bloodstained altar of Trog.
    39 | D        | Found a shattered altar of Ashenzari.
    39 | D        | Found a white marble altar of Elyvilon.
    39 | D        | Found a snail-covered altar of Cheibriados.
    39 | D        | Found a blossoming altar of Fedhas.
    39 | D        | Found a radiant altar of Vehumet.
    39 | D        | Found a corrupted altar of Lugonu.
    39 | D        | Found a viscous altar of Jiyva.
    39 | D        | Found a roughly hewn altar of Beogh.
    39 | D        | Found an iron altar of Okawaru.
    40 | D        | Found an oddly glowing altar of Pakellas.
    42 | D        | Became a worshipper of Xom of Chaos
    46 | D        | Found a stormy altar of Qazlal.
    46 | D        | Found an opulent altar of Gozag.
    47 | D        | Fell from the grace of Xom
    47 | D        | Became a worshipper of Fedhas Madash
    62 | D        | Reached XP level 2. HP: 12/18 MP: 4/4
   185 | D        | Reached skill level 4 in Stealth
   290 | D        | Noticed a phantom
   298 | D        | Killed a phantom
   298 | D        | Reached skill level 5 in Dodging
   298 | D        | Reached skill level 7 in Stealth
   298 | D        | Reached skill level 5 in Evocations
   298 | D        | Reached XP level 3. HP: 15/23 MP: 4/6
   298 | D        | Reached XP level 4. HP: 18/28 MP: 4/7
   476 | D        | Noticed a black bear
   490 | D        | Killed a black bear
   490 | D        | Reached skill level 9 in Stealth
   490 | D        | Reached XP level 5. HP: 30/33 MP: 7/9
   491 | D        | Reached * piety under Fedhas
   506 | D        | Noticed a centaur
   513 | D        | Killed a centaur
   513 | D        | Reached skill level 10 in Stealth
   513 | D        | Reached XP level 6. HP: 26/38 MP: 5/11
   514 | D        | Reached ** piety under Fedhas
   558 | D        | Noticed a redback
   561 | D        | Noticed a wolf
   561 | D        | Noticed a flying skull
   566 | D        | Killed a flying skull
   566 | D        | Reached skill level 11 in Stealth
   570 | D        | Killed a wolf
   570 | D        | Reached skill level 12 in Stealth
   710 | D        | Killed a redback
   710 | D        | Reached skill level 13 in Stealth
   710 | D        | Reached XP level 7. HP: 43/43 MP: 11/13
   711 | D        | Noticed a two-headed ogre
   712 | D        | Killed a two-headed ogre
   712 | D        | Reached skill level 10 in Dodging
   713 | D        | Reached *** piety under Fedhas
   937 | D        | XOM: mild Summ miscast
   960 | D        | Noticed Terence
   960 | D        | Noticed a jumping spider
   960 | D        | Noticed a flayed ghost
   975 | D        | XOM: silly message
   998 | D        | Killed a jumping spider
   998 | D        | Killed a flayed ghost
   998 | D        | Reached skill level 14 in Stealth
   998 | D        | Reached skill level 5 in Invocations
   998 | D        | Reached XP level 8. HP: 48/48 MP: 9/14
   998 | D        | Killed Terence
  1006 | D        | Reached **** piety under Fedhas
  1015 | D        | Noticed a flayed ghost
  1015 | D        | Noticed a hornet
  1016 | D        | Noticed a molten gargoyle
  1029 | D        | Killed a hornet
  1258 | D        | XOM: medium Trmt miscast
  1316 | D        | XOM: mild Erth miscast
  1329 | D        | Killed a wandering mushroom
  1335 | D        | Killed a molten gargoyle
  1341 | D        | Killed a flayed ghost
  1341 | D        | Reached XP level 9. HP: 55/57 MP: 14/16
  1416 | D        | Reached ***** piety under Fedhas
  1440 | D        | Reached skill level 10 in Evocations
  1462 | D        | Noticed a spiny frog
  1462 | D        | Noticed a merfolk
  1478 | D        | XOM: noise
  1484 | D        | Killed a spiny frog
  1489 | D        | Killed a merfolk
  1640 | D        | Noticed a red devil
  1647 | D        | Reached skill level 10 in Invocations
  1649 | D        | Reached skill level 5 in Fighting
  1664 | D        | Killed a red devil
  1664 | D        | Reached skill level 1 in Shields
  1705 | D        | Killed a lindwurm
  1788 | D        | Noticed a cyclops
  1810 | D        | Killed a cyclops
  1878 | D        | XOM: medium Summ miscast
  2160 | D        | Noticed an efreet
  2160 | D        | Noticed a jumping spider
  2160 | D        | Noticed a black mamba
  2185 | D        | Killed an efreet
  2192 | D        | Killed a black mamba
  2195 | D        | Reached ****** piety under Fedhas
  2199 | D        | Killed a jumping spider
  2199 | D        | Reached XP level 10. HP: 38/68 MP: 18/18
  2252 | D        | Noticed an elephant
  2341 | D        | Noticed Duvessa
  2341 | D        | Noticed a hill giant
  2346 | D        | Noticed a smoke demon
  2347 | D        | Noticed Dowan
  2383 | D        | Killed an elephant
  2385 | D        | Killed a smoke demon
  2385 | D        | Reached skill level 5 in Shields
  2423 | D        | Noticed a seven-headed hydra
  2442 | D        | Killed an eight-headed hydra
  2501 | D        | Killed a hill giant
  2597 | D        | XOM: mild Air miscast
  2645 | D        | Noticed a sea snake
  2654 | D        | Killed a sea snake
  2710 | D        | Noticed an orange demon
  2732 | D        | Killed an orange demon
  2735 | D        | Killed Dowan
  2773 | D        | Killed Duvessa
  3057 | D        | Noticed Harold
  3064 | D        | Noticed a sun demon
  3065 | D        | Killed Harold
  3066 | D        | Reached XP level 11. HP: 63/75 MP: 20/20
  3067 | D        | Noticed a vault guard
  3078 | D        | Killed a vault guard
  3081 | D        | Noticed an ophan
  3081 | D        | Killed a sun demon
  3090 | D        | Killed an ophan
  3092 | D        | Noticed a rakshasa
  3106 | D        | Learned a level 3 spell: Regeneration
  3106 | D        | Killed a rakshasa
  3106 | D        | Reached skill level 1 in Spellcasting
  3155 | D        | Noticed a necromancer
  3159 | D        | Noticed Boris
  3162 | D        | Killed a necromancer
  3188 | D        | Noticed a great orb of eyes
  3195 | D        | Killed Boris
  3195 | D        | Reached skill level 10 in Shields
  3197 | D        | Killed a great orb of eyes
  3227 | D        | XOM: god gift: pair of glowing gloves {god gift}
  3331 | D        | Got the ring "Waehuke" {rPois rN+ Str-2 Int+8 Dex-5}
  3362 | D        | Noticed a flayed ghost
  3376 | D        | Killed a flayed ghost
  3389 | D        | Noticed an unseen horror
  3391 | D        | Killed an unseen horror
  3394 | D        | Noticed Snorg
  3412 | D        | Noticed an orc knight
  3423 | D        | Killed Snorg
  3423 | D        | Reached skill level 5 in Spellcasting
  3424 | D        | Killed an orc knight
  3424 | D        | Reached XP level 12. HP: 73/85 MP: 6/23
  3488 | D        | XOM: medium Chrm miscast
  3514 | D        | Noticed a vampire knight
  3597 | D        | Noticed Nessos
  3597 | D        | Noticed a fire dragon
  3597 | D        | Noticed a profane servitor
  3597 | D        | Noticed a deep elf master archer
  3614 | D        | Killed a profane servitor
  3614 | D        | Reached skill level 15 in Invocations
  3623 | D        | Killed a deep elf master archer
  3623 | D        | Reached skill level 15 in Dodging
  3628 | D        | Killed Nessos
  3643 | D        | Killed a fire dragon
  3676 | D        | Got the ring of Vetz {*Contam *Drain rC+ MR+++ Dex+4}
  3700 | D        | Noticed a spriggan defender
  3700 | D        | Noticed a deep elf annihilator
  3700 | D        | Noticed an ophan
  3700 | D        | Noticed a fire giant
  3706 | D        | Noticed a Shadow Fiend
  3711 | D        | Killed a fire giant
  3711 | D        | Reached skill level 1 in Charms
  3715 | D        | Killed a spriggan defender
  3719 | D        | Killed a Shadow Fiend
  3719 | D        | Reached skill level 10 in Fighting
  3720 | D        | Killed an ophan
  3724 | D        | Killed a deep elf annihilator
  3732 | D        | Noticed a Hell Sentinel
  3734 | D        | Noticed a spriggan berserker
  3745 | D        | Killed a Hell Sentinel
  3749 | D        | Noticed a fire dragon
  3755 | D        | Killed a fire dragon
  3758 | D        | Noticed a lich
  3759 | D        | Killed a lich
  3759 | D        | Reached XP level 13. HP: 80/93 MP: 25/25
  3803 | D        | Noticed an Orb Guardian
  3803 | D        | Noticed an Orb Guardian
  3803 | D        | Noticed an Orb Guardian
  3803 | D        | Noticed an Orb Guardian
  3816 | D        | Killed an Orb Guardian
  3816 | D        | Reached skill level 16 in Dodging
  3816 | D        | Reached skill level 5 in Charms
  3841 | D        | Killed an Orb Guardian
  3867 | D        | Killed an Orb Guardian
  3880 | D        | Noticed Nikola
  3894 | D        | Killed an Orb Guardian
  3926 | D        | Noticed Jory
  3969 | D        | Killed a vampire knight
  3980 | D        | Identified Sif Muna's Papyrus of Ice (You found it in the Dungeon)
  3987 | D        | Identified Sif Muna's Papyrus of Ice (You found it in the Dungeon)
  4167 | D        | Noticed an Orb Guardian
  4187 | D        | Killed from afar by Nikola

Vault maps used:
D:        pitsprint

Action                   |  1- 3 |  4- 6 |  7- 9 | 10-12 | 13-15 || total
-------------------------+-------+-------+-------+-------+-------++-------
Melee: Trident           |     7 |    22 |     2 |       |       ||    31
       Short sword       |     1 |       |       |       |       ||     1
       Halberd           |       |       |    44 |   121 |       ||   165
       Demon whip        |       |       |       |       |     1 ||     1
 Cast: Regeneration      |       |       |       |     1 |       ||     1
Invok: Evolution         |       |     2 |     8 |    25 |       ||    35
       Sunlight          |       |     1 |     1 |     8 |       ||    10
       Growth            |       |       |     1 |     3 |       ||     4
       Rain              |       |       |       |    11 |       ||    11
       Reproduction      |       |       |       |     3 |       ||     3
Evoke: Wand              |     7 |     9 |     1 |       |       ||    17
  Use: Potion            |       |       |     1 |     5 |     3 ||     9
 Stab: Sleeping          |     1 |     3 |     3 |       |       ||     7
       Distracted        |       |       |     1 |     4 |       ||     5
       Confused          |       |       |       |     3 |       ||     3
       Invisible         |       |       |       |     2 |       ||     2
  Eat: Meat ration       |       |       |     1 |     2 |       ||     3
